 Dungeon Crawl Stone Soup version 0.25.1-3-ge44b62a0b3 (webtiles) character file.

Game seed: 2508052191838838423

129 BledDest the Cutter (level 4, -15/34 HPs)
             Began as a Demonspawn Artificer on Nov 21, 2020.
             Was an Initiate of Okawaru.
             Demolished by an ogre
             ... wielding a +0 giant spiked club
              (19 damage)
             ... on level 4 of the Dungeon.
             The game lasted 00:04:39 (2986 turns).

BledDest the Cutter (Demonspawn Artificer)          Turns: 2986, Time: 00:04:40

Health: -15/34     AC:  5    Str: 13    XL:     4   Next: 88%
Magic:  6/6        EV: 12    Int: 13    God:    Okawaru [......]
Gold:   129        SH:  0    Dex: 13    Spells: 3/3 levels left

rFire    . . .     SeeInvis .   h - +3 short sword (flame)
rCold    + . .     Gourm    .   (no shield)
rNeg     . . .     Faith    .   b - +1 leather armour
rPois    +         Spirit   .   (no helmet)
rElec    .         Reflect  .   (no cloak)
rCorr    .         Harm     .   g - +0 pair of gloves (curse)
MR       .....                  (no boots)
Stlth    +.........             (no amulet)
HPRegen  0.11/turn              j - ring of protection from cold
MPRegen  0.10/turn              o - ring of poison resistance

@: no status effects
A: talons 1
a: Renounce Religion


You were on level 4 of the Dungeon.
You worshipped Okawaru.
Okawaru was noncommittal.
You were not hungry.

You visited 1 branch of the dungeon, and saw 4 of its levels.

You collected 129 gold pieces.

Inventory:

Hand Weapons
 a - a +0 short sword
 h - a +3 short sword of flaming (weapon)
 n - a cursed -2 spear
Missiles
 p - 109 stones
 v - 8 poisoned darts (quivered)
Armour
 b - a +1 leather armour (worn)
 g - a cursed +0 pair of gloves (worn)
Jewellery
 j - a ring of protection from cold (left hand)
 k - an uncursed ring of protection from fire
 o - a ring of poison resistance (right hand)
 w - an uncursed ring of resist corrosion
Wands
 c - a wand of flame (14)
 d - a wand of enslavement (15)
 e - a wand of random effects (15)
Scrolls
 r - a scroll of enchant armour
 y - 2 scrolls of enchant weapon
Potions
 i - 2 potions of curing {unknown}
 m - a potion of degeneration {unknown}
 q - 2 potions of ambrosia {unknown}
Comestibles
 f - 9 rations
 l - a chunk of flesh


   Skills:
 + Level 2.8 Fighting
 * Level 3.5 Short Blades
 - Level 1.7 Dodging
 - Level 0.8 Stealth
 - Level 3.0 Evocations


You had 3 spell levels left.
You didn't know any spells.
Your spell library was empty.

Dungeon Overview and Level Annotations

Branches:
Dungeon (4/15)
 Temple: D:4-7

Altars:
Makhleb
Okawaru
Qazlal
Ru
Sif Muna
Xom
Yredelemnul
The Shining One


Innate Abilities, Weirdness & Mutations

You have sharp toenails.


Message History

Okay, then.
Throwing (i - inventory. (/) - cycle)
v - 9 poisoned darts (quivered)
Press: ? - help, Shift-Dir - straight line, f - ogre
Aim: an ogre, wielding a +0 giant spiked club You throw a poisoned dart.
The poisoned dart hits the ogre.
You hit the ogre. You burn the ogre.
The ogre is moderately wounded.
The ogre closely misses you.
You puncture the ogre! You burn the ogre. You claw the ogre, but do no damage.
The ogre is heavily wounded.
You hit the ogre. You burn the ogre.
The ogre is severely wounded.
The ogre hits you with a +0 giant spiked club!!
Ouch! That really hurt!
* * * LOW HITPOINT WARNING * * *
You hit the ogre but do no damage. You claw the ogre.
The ogre is almost dead.
The ogre hits you with a +0 giant spiked club!!
Ouch! That really hurt!
You die...

#. ###.# #.##
##..## ##(.#
#.### ...#
##..## ..##
###.#
#..###..##
###...#.###
#..>..##..##
#..@O(.###.#
#......#..##
#<.........#
#.รท........#
#..........#
############


You could see an ogre.

Vanquished Creatures
  A hound (D:4)
  An orc wizard (D:3)
  2 adders (D:2)
  A worm (D:3)
  3 leopard geckos
  An orc (D:3)
  4 bats
  5 giant cockroaches
  8 hobgoblins
  6 kobolds
  A quokka (D:2)
  3 frilled lizards
  3 goblins
  A leopard gecko skeleton (D:4)
  8 rats
48 creatures vanquished.

Notes
Turn   | Place    | Note
-------+----------+-------------------------------------------
     0 | D:1      | BledDest the Demonspawn Artificer began the quest for the
                  | Orb.
     0 | D:1      | Reached XP level 1. HP: 15/15 MP: 3/3
    41 | D:1      | Found a shimmering altar of Xom.
   305 | D:1      | Reached skill level 1 in Short Blades
   371 | D:1      | Gained mutation: You have sharp toenails. [demonic
                  | ancestry]
   371 | D:1      | Reached XP level 2. HP: 21/21 MP: 4/4
   858 | D:2      | Found an iron altar of Okawaru.
   860 | D:2      | Found a stormy altar of Qazlal.
   896 | D:2      | Became a worshipper of Warmaster Okawaru
   973 | D:2      | Found a basalt altar of Yredelemnul.
  1555 | D:2      | Reached XP level 3. HP: 27/27 MP: 5/5
  1714 | D:2      | Found a shimmering blue altar of Sif Muna.
  1715 | D:2      | Found a burning altar of Makhleb.
  2014 | D:3      | Found a sacrificial altar of Ru.
  2025 | D:3      | Reached XP level 4. HP: 27/34 MP: 6/6
  2408 | D:3      | Found a faded altar of an unknown god.
  2504 | D:3      | Found a glowing golden altar of the Shining One.
  2947 | D:4      | Noticed an ogre
  2986 | D:4      | Demolished by an ogre

Illustrated notes

Levels and vault maps discovered:
D:1:      dpeg_arrival_round_c, layout_loops_ring,
          chequers_serial_rivers_large_b, xom_teletrap_fun
D:2:      minmay_diamond_boxcup, layout_basic, lemuel_crystal_altar,
          chequers_temple_overflow_statue_of_worship,
          gammafunk_temple_overflow_pools, st_stairs_13
D:3:      layout_loops_cross, nicolae_ru_great_annihilating_truth,
          chequers_ecumenical_altar_lobes, grunt_ministairs_13, tso_altar
D:4:      layout_rooms, grunt_decor_resistance

Skill      XL: |  1  2  3 |
---------------+----------+-----
Short Blades   | 1 2 3 |  3.5
Fighting       | 2 |  2.8
Dodging        | |  1.7
Stealth        | |  0.8
Evocations     | |  3.0

Action                   |  1- 3 |  4- 6 || total
-------------------------+-------+-------++-------
Melee: Short sword       |    78 |    28 ||   106
       Kick              |    10 |     4 ||    14
Throw: Dart              |       |     1 ||     1
Evoke: Wand              |     1 |       ||     1
  Use: Scroll            |     7 |       ||     7
 Stab: Sleeping          |     4 |     1 ||     5
       Paralysed         |       |     1 ||     1
  Eat: Chunk             |     3 |     3 ||     6
Armor: Leather armour    |     8 |     4 ||    12
Dodge: Dodged            |    51 |    14 ||    65
